TOP OF THE 1ST |
Atlanta Smoke batting - Pitching for Austin Rangers : LHP Will Hunting
|
Pitching: LHP Will Hunting
|
|
Batting: RHB Bartolo Morales
|
0-0: Foul Ball, location: 2F 0-1: Ball 1-1: Called Strike 1-2: SINGLE (Groundball, 4MD)
|
Batting: RHB Casey Cavell
|
0-0: Ball 1-0: Called Strike 1-1: Ground out 5-3 (Groundball, 56S) Bartolo Morales to second
|
Batting: LHB Albert Morán
|
0-0: Called Strike Bartolo Morales is caught stealing 3rd base 0-1: Foul Ball, location: 2F 0-2: Foul Ball, location: 2F 0-2: Foul Ball, location: 2F 0-2: Ball 1-2: Strikes out swinging
|
Top of the 1st over - 0 runs, 1 hit, 0 errors, 0 left on base; Atlanta 0 - Austin 0 |
BOTTOM OF THE 1ST |
Austin Rangers batting - Pitching for Atlanta Smoke : RHP Fraser Cuevas
|
Pitching: RHP Fraser Cuevas
|
|
Batting: RHB Miguel Morán
|
0-0: Called Strike 0-1: Foul Ball, location: 2F 0-2: Ball 1-2: Foul Ball, location: 2F 1-2: Ball 2-2: Foul Ball, location: 2F 2-2: Foul Ball, location: 2F 2-2: Strikes out swinging
|
Batting: SHB Ricardo Pérez
|
0-0: Ball 1-0: Ball 2-0: Fly out, F8 (Flyball, 8RM)
|
Batting: LHB Count Dante
|
0-0: Called Strike 0-1: Ground out 3-1 (Groundball, 34S)
|
Bottom of the 1st over - 0 runs, 0 hits, 0 errors, 0 left on base; Atlanta 0 - Austin 0 |
TOP OF THE 2ND |
Atlanta Smoke batting - Pitching for Austin Rangers : LHP Will Hunting
|
Batting: LHB Yataro Kodo
|
0-0: Called Strike 0-1: Foul Ball, location: 2F 0-2: Foul Ball, location: 2F 0-2: Ball 1-2: Ball 2-2: Ball 3-2: Foul Ball, location: 2F 3-2: Fly out, F7 (Flyball, 7S)
|
Batting: SHB Valentín Guzmán
|
0-0: Foul Ball, location: 2F 0-1: Called Strike 0-2: Strikes out swinging
|
Batting: RHB Gabriel Maldonado
|
0-0: Ball 1-0: Swinging Strike 1-1: Swinging Strike 1-2: Foul Ball, location: 2F 1-2: Hit by Pitch
|
Batting: RHB Bobby Butterfield
|
0-0: Ball 1-0: Ball 2-0: Foul Ball, location: 2F 2-1: SINGLE (Line Drive, 7S) Gabriel Maldonado to second
|
Batting: RHB Gerardo Castillo
|
0-0: Ball 1-0: Foul Ball, location: 2F 1-1: Swinging Strike 1-2: Strikes out swinging
|
Top of the 2nd over - 0 runs, 1 hit, 0 errors, 2 left on base; Atlanta 0 - Austin 0 |
BOTTOM OF THE 2ND |
Austin Rangers batting - Pitching for Atlanta Smoke : RHP Fraser Cuevas
|
Batting: LHB Jesús Reyes
|
0-0: Foul Ball, location: 2F 0-1: Ball 1-1: Ball 2-1: Foul Ball, location: 2F 2-2: Strikes out looking
|
Batting: RHB Yoshihito Samurakami
|
0-0: Foul Ball, location: 2F 0-1: Foul Ball, location: 2F 0-2: Foul Ball, location: 2F 0-2: Fly out, F8 (Flyball, 89M)
|
Batting: SHB Xavier Vásquez
|
0-0: Ball 1-0: Fly out, F6 (Flyball, 56D)
|
Bottom of the 2nd over - 0 runs, 0 hits, 0 errors, 0 left on base; Atlanta 0 - Austin 0 |
TOP OF THE 3RD |
Atlanta Smoke batting - Pitching for Austin Rangers : LHP Will Hunting
|
Batting: SHB Melito Báez
|
0-0: Ball 1-0: Fly out, F8 (Flyball, 8RXD)
|
Batting: RHB Bartolo Morales
|
0-0: Called Strike 0-1: Ball 1-1: Ball 2-1: Fly out, F7 (Line Drive, 7S)
|
Batting: RHB Casey Cavell
|
0-0: Swinging Strike 0-1: Ball 1-1: Ball 2-1: Called Strike 2-2: Ball 3-2: Strikes out swinging
|
Top of the 3rd over - 0 runs, 0 hits, 0 errors, 0 left on base; Atlanta 0 - Austin 0 |
BOTTOM OF THE 3RD |
Austin Rangers batting - Pitching for Atlanta Smoke : RHP Fraser Cuevas
|
Batting: LHB Stefan Vanderhoof
|
0-0: Ball 1-0: Called Strike 1-1: Ball 2-1: Foul Ball, location: 2F 2-2: Strikes out looking
|
Batting: RHB Freddy Torres
|
0-0: Ball 1-0: Called Strike 1-1: SINGLE (Groundball, 6D)
|
Batting: RHB Jesús Villalba
|
0-0: Ball 1-0: Foul Ball, location: 2F 1-1: Ball 2-1: Swinging Strike 2-2: Ball 3-2: Strikes out swinging
|
Batting: RHB Miguel Morán
|
0-0: Foul Ball, location: 2F 0-1: Fly out, F7 (Flyball, 7LMF)
|
Bottom of the 3rd over - 0 runs, 1 hit, 0 errors, 1 left on base; Atlanta 0 - Austin 0 |
TOP OF THE 4TH |
Atlanta Smoke batting - Pitching for Austin Rangers : LHP Will Hunting
|
Batting: LHB Albert Morán
|
0-0: Called Strike 0-1: Called Strike 0-2: Ground out 4-3 (Groundball, 4D)
|
Batting: LHB Yataro Kodo
|
0-0: Called Strike 0-1: Ball 1-1: Ball 2-1: Reached on error, E5 (Groundball, 56)
|
Batting: SHB Valentín Guzmán
|
0-0: Ball 1-0: Called Strike 1-1: Ball 2-1: Ball 3-1: Base on Balls Yataro Kodo to second
|
Batting: RHB Gabriel Maldonado
|
0-0: Fly out, F5 (Line Drive, 5L)
|
Batting: RHB Bobby Butterfield
|
0-0: Called Strike 0-1: Ball 1-1: Ball 2-1: Fielders Choice at 2nd, 6-4 (Groundball, 6)
|
Top of the 4th over - 0 runs, 0 hits, 1 error, 2 left on base; Atlanta 0 - Austin 0 |
BOTTOM OF THE 4TH |
Austin Rangers batting - Pitching for Atlanta Smoke : RHP Fraser Cuevas
|
Batting: SHB Ricardo Pérez
|
0-0: Ball 1-0: Ball 2-0: Called Strike 2-1: Foul Ball, location: 2F 2-2: Ball 3-2: Fly out, F7 (Line Drive, 7S)
|
Batting: LHB Count Dante
|
0-0: Called Strike 0-1: Ball 1-1: Ball 2-1: Foul Ball, location: 2F 2-2: Strikes out looking
|
Batting: LHB Jesús Reyes
|
0-0: Ball 1-0: Foul Ball, location: 2F 1-1: Foul Ball, location: 2F 1-2: Foul Ball, location: 2F 1-2: Fly out, F7 (Flyball, 7)
|
Bottom of the 4th over - 0 runs, 0 hits, 0 errors, 0 left on base; Atlanta 0 - Austin 0 |
TOP OF THE 5TH |
Atlanta Smoke batting - Pitching for Austin Rangers : LHP Will Hunting
|
Batting: RHB Gerardo Castillo
|
0-0: Ball 1-0: Ground out 6-3 (Groundball, 6)
|
Batting: SHB Melito Báez
|
0-0: Swinging Strike 0-1: Ground out 6-3 (Groundball, 56D)
|
Batting: RHB Bartolo Morales
|
0-0: Called Strike 0-1: Ground out 6-3 (Groundball, 6)
|
Top of the 5th over - 0 runs, 0 hits, 0 errors, 0 left on base; Atlanta 0 - Austin 0 |
BOTTOM OF THE 5TH |
Austin Rangers batting - Pitching for Atlanta Smoke : RHP Fraser Cuevas
|
Batting: RHB Yoshihito Samurakami
|
0-0: DOUBLE (Flyball, 8RXD)
|
Batting: SHB Xavier Vásquez
|
0-0: Called Strike 0-1: Ground out 4-3 (Groundball, 4) Yoshihito Samurakami to third
|
Batting: LHB Stefan Vanderhoof
|
0-0: Called Strike 0-1: Swinging Strike 0-2: Strikes out looking
|
Batting: RHB Freddy Torres
|
0-0: Swinging Strike 0-1: Foul Ball, location: 2F 0-2: Ball 1-2: Ball 2-2: Ball 3-2: Base on Balls
|
Batting: RHB Jesús Villalba
|
0-0: Foul Ball, location: 2F 0-1: Ground out 1-3 (Groundball, 13)
|
Bottom of the 5th over - 0 runs, 1 hit, 0 errors, 2 left on base; Atlanta 0 - Austin 0 |
TOP OF THE 6TH |
Atlanta Smoke batting - Pitching for Austin Rangers : LHP Will Hunting
|
Batting: RHB Casey Cavell
|
0-0: Ball 1-0: Called Strike 1-1: SINGLE (Groundball, 6D)
|
Batting: LHB Albert Morán
|
0-0: Called Strike 0-1: Ball 1-1: Ball 2-1: Ball 3-1: Base on Balls Casey Cavell to second
|
Batting: LHB Yataro Kodo
|
0-0: Foul Ball, location: 2F 0-1: Ball 1-1: Fly out, F3 (Popup, 3SF)
|
Batting: SHB Valentín Guzmán
|
0-0: Ball 1-0: Ball 2-0: Ball 3-0: Base on Balls Casey Cavell to third Albert Morán to second
|
Batting: RHB Gabriel Maldonado
|
0-0: Ball 1-0: Ball 2-0: Foul Ball, location: 2F 2-1: Swinging Strike 2-2: Ball 3-2: Base on Balls Casey Cavell scores Albert Morán to third Valentín Guzmán to second
|
Batting: RHB Bobby Butterfield
|
0-0: Ball 1-0: Foul Ball, location: 2F 1-1: Ball 2-1: DOUBLE (Line Drive, 8LXD) Albert Morán scores Valentín Guzmán scores Gabriel Maldonado to third Runner from 3rd tries for Home, SAFE, no throw
|
Batting: RHB Gerardo Castillo
|
0-0: Intentional Walk
|
Pitching: RHP Weston Fisher
|
|
Batting: SHB Melito Báez
|
0-0: SINGLE (Flyball, 9LS) Bobby Butterfield to third Gerardo Castillo to second Runner from 3rd tries for Home, SAFE, no throw
|
Batting: RHB Bartolo Morales
|
0-0: Called Strike 0-1: Ball 1-1: Foul Ball, location: 2F 1-2: Ball 2-2: Fly out, F8 (Flyball, 8LM)
|
Batting: RHB Casey Cavell
|
0-0: Called Strike 0-1: Foul Ball, location: 2F 0-2: Ball 1-2: Foul Ball, location: 2F 1-2: Fly out, F9 (Flyball, 9)
|
Top of the 6th over - 5 runs, 3 hits, 0 errors, 2 left on base; Atlanta 5 - Austin 0 |
BOTTOM OF THE 6TH |
Austin Rangers batting - Pitching for Atlanta Smoke : RHP Fraser Cuevas
|
Batting: RHB Miguel Morán
|
0-0: Ball 1-0: Fly out, F4 (Line Drive, 4M)
|
Batting: SHB Ricardo Pérez
|
0-0: Foul Ball, location: 2F 0-1: Foul Ball, location: 2F 0-2: Foul Ball, location: 2F 0-2: Ground out 6-3 (Groundball, 6)
|
Batting: LHB Count Dante
|
0-0: Ball 1-0: Foul Ball, location: 2F 1-1: Ground out 6-3 (Groundball, 6)
|
Bottom of the 6th over - 0 runs, 0 hits, 0 errors, 0 left on base; Atlanta 5 - Austin 0 |
TOP OF THE 7TH |
Atlanta Smoke batting - Pitching for Austin Rangers : RHP Weston Fisher
|
Batting: LHB Albert Morán
|
0-0: Called Strike 0-1: Called Strike 0-2: Ball 1-2: Foul Ball, location: 2F 1-2: Strikes out swinging
|
Batting: LHB Yataro Kodo
|
0-0: Ball 1-0: Called Strike 1-1: Swinging Strike 1-2: Ball 2-2: Ball 3-2: Base on Balls
|
Batting: SHB Valentín Guzmán
|
0-0: Fielders Choice at 2nd, 4-6 (Groundball, 4)
|
Batting: RHB Gabriel Maldonado
|
0-0: Fielders Choice at 2nd, 6-4 (Groundball, 6)
|
Top of the 7th over - 0 runs, 0 hits, 0 errors, 1 left on base; Atlanta 5 - Austin 0 |
BOTTOM OF THE 7TH |
Austin Rangers batting - Pitching for Atlanta Smoke : RHP Fraser Cuevas
|
Batting: LHB Jesús Reyes
|
0-0: Ball 1-0: SINGLE (Line Drive, 4D)
|
Batting: RHB Yoshihito Samurakami
|
0-0: Called Strike 0-1: Ball 1-1: Swinging Strike 1-2: Ball 2-2: Foul Ball, location: 2F 2-2: Grounds into double play, 5-4-3 (Groundball, 56)
|
Batting: SHB Xavier Vásquez
|
0-0: Called Strike 0-1: Ball 1-1: Swinging Strike 1-2: Fly out, F1 (Line Drive, 13)
|
Bottom of the 7th over - 0 runs, 1 hit, 0 errors, 0 left on base; Atlanta 5 - Austin 0 |
TOP OF THE 8TH |
Atlanta Smoke batting - Pitching for Austin Rangers : RHP Weston Fisher
|
Batting: RHB Bobby Butterfield
|
0-0: Called Strike 0-1: Ground out 3-1 (Groundball, 34S)
|
Batting: RHB Gerardo Castillo
|
0-0: Ball 1-0: Ball 2-0: Ball 3-0: Base on Balls
|
Batting: SHB Melito Báez
|
0-0: Ball 1-0: Reached on error, E4 (Groundball, 34) Gerardo Castillo to second
|
Batting: RHB Bartolo Morales
|
0-0: Called Strike 0-1: Swinging Strike 0-2: Ball 1-2: Ground out 6-3 (Groundball, 6S) Gerardo Castillo to third Melito Báez to second
|
Batting: RHB Casey Cavell
|
0-0: Ball 1-0: Called Strike 1-1: Called Strike 1-2: Foul Ball, location: 2F 1-2: Foul Ball, location: 2F 1-2: Ground out 6-3 (Groundball, 56)
|
Top of the 8th over - 0 runs, 0 hits, 1 error, 2 left on base; Atlanta 5 - Austin 0 |
BOTTOM OF THE 8TH |
Austin Rangers batting - Pitching for Atlanta Smoke : RHP Fraser Cuevas
|
Pitching: RHP Domingo Velasco
|
|
Batting: LHB Stefan Vanderhoof
|
0-0: Swinging Strike 0-1: DOUBLE (Line Drive, 78M)
|
Batting: RHB Freddy Torres
|
0-0: Ball 1-0: Ball 2-0: Ball 3-0: Called Strike 3-1: Called Strike 3-2: Base on Balls
|
Batting: RHB Jesús Villalba
|
0-0: Called Strike 0-1: Ball 1-1: Fielders Choice at 2nd, 1-6 (Groundball, P) Stefan Vanderhoof to third
|
Batting: RHB Miguel Morán
|
0-0: Ball 1-0: Grounds into double play, 5-4-3 (Groundball, 5L)
|
Bottom of the 8th over - 0 runs, 1 hit, 0 errors, 1 left on base; Atlanta 5 - Austin 0 |
TOP OF THE 9TH |
Atlanta Smoke batting - Pitching for Austin Rangers : RHP Weston Fisher
|
Batting: LHB Albert Morán
|
0-0: Ball 1-0: Ball 2-0: Ball 3-0: Called Strike 3-1: Foul Ball, location: 2F 3-2: Base on Balls
|
Pitching: RHP Katsuyoshi Takuda
|
|
Batting: LHB Yataro Kodo
|
0-0: Ball 1-0: Called Strike 1-1: Ball 2-1: Foul Ball, location: 2F 2-2: Fly out, F7 (Flyball, 7S)
|
Batting: SHB Valentín Guzmán
|
0-0: Called Strike 0-1: Fly out, F7 (Flyball, 7)
|
Batting: RHB Gabriel Maldonado
|
0-0: Called Strike Albert Morán steals 2nd base 0-1: Foul Ball, location: 2F 0-2: Ball 1-2: Strikes out swinging
|
Top of the 9th over - 0 runs, 0 hits, 0 errors, 1 left on base; Atlanta 5 - Austin 0 |
BOTTOM OF THE 9TH |
Austin Rangers batting - Pitching for Atlanta Smoke : RHP Domingo Velasco
|
Batting: SHB Ricardo Pérez
|
0-0: Called Strike 0-1: Ball 1-1: Ground out 6-3 (Groundball, 6S)
|
Batting: LHB Count Dante
|
0-0: Called Strike 0-1: Swinging Strike 0-2: Hit by Pitch
|
Batting: LHB Jesús Reyes
|
0-0: Swinging Strike 0-1: Called Strike 0-2: Hit by Pitch Count Dante to second
|
Pinch Runner at 1st Carlos Kramer:
|
|
Batting: RHB Yoshihito Samurakami
|
0-0: Called Strike 0-1: Grounds into double play, 6-4-3 (Groundball, 6)
|
Bottom of the 9th over - 0 runs, 0 hits, 0 errors, 1 left on base; Atlanta 5 - Austin 0 |
|